 Dungeon Crawl Stone Soup version 0.27.0-1-g7a089689b8 (webtiles) character file.

Game seed: 8355100209559278468

14 gimp the Stinger (level 2, -3/15 HPs)
             Began as a Vine Stalker Venom Mage on Aug 8, 2021.
             Slain by a goblin (4 damage)
             ... led by Robin
             ... on level 2 of the Dungeon.
             The game lasted 00:01:04 (1323 turns).

gimp the Stinger (Vine Stalker Venom Mage)          Turns: 1323, Time: 00:01:04

Health: -3/15      AC:  2    Str: 10    XL:     2   Next: 45%
Magic:  0/6        EV: 12    Int: 15    God:
Gold:   23         SH:  0    Dex: 14    Spells: 4/5 levels left

rFire    . . .     SeeInvis .   g - +0 dagger
rCold    . . .     Faith    .   (no shield)
rNeg     . . .     Spirit   +   a - +0 robe
rPois    .         Reflect  .   (no helmet)
rElec    .         Harm     .   (no cloak)
rCorr    .         Rampage  .   (no gloves)
Will     .....                  (no boots)
Stlth    ++........             (no amulet)
HPRegen  0.05/turn              (no ring)
MPRegen  0.10/turn              (no ring)

@: no status effects
A: fangs 2, magic shield, antimagic bite, no potion heal 2
a: no special abilities


You were on level 2 of the Dungeon.
You visited 1 branch of the dungeon, and saw 2 of its levels.

You collected 23 gold pieces.

Inventory:

Hand Weapons
 g - a +0 dagger (weapon)
Armour
 a - a +0 robe (worn)
Jewellery
 c - a +4 ring of evasion
Scrolls
 d - 2 scrolls of identify {unknown}
 i - a scroll of enchant weapon {unknown}
Potions
 b - a potion of ambrosia {unknown}
 e - a potion of heal wounds {unknown}
 f - a potion of haste {unknown}
 h - a potion of degeneration {unknown}


   Skills:
 + Level 1.8 Fighting
 - Level 1.5 Dodging
 - Level 2.4 Stealth
 - Level 2.1 Spellcasting
 - Level 1.0 Transmutations
 - Level 3.0 Poison Magic


You had 4 spell levels left.
You knew the following spells:

 Your Spells              Type           Power      Damage    Failure   Level
a - Sting                 Tmut/Pois      28%        1d4       10%         1

Your spell library contained the following spells:

 Spells                   Type           Power      Damage    Failure   Level
 Poisonous Vapours        Pois/Air       12%        N/A       19%         2
 Mephitic Cloud           Conj/Pois/Air  4%         N/A       41%         3
 Olgreb's Toxic Radiance  Pois           10%        N/A       54%         4


Dungeon Overview and Level Annotations

Branches:
Dungeon (2/15)

Altars:

Annotations:
D:2 Robin


Innate Abilities, Weirdness & Mutations

You have extremely sharp teeth.
When hurt, damage is shared between your health and your magic reserves.
Your bite disrupts and absorbs the magic of your enemies.
Potions cannot restore your health.


Message History

A goblin is nearby!
Unknown command.
A goblin and Robin come into view.
Robin is wielding a +1 short sword of venom.
Robin shouts!
The goblin shouts! x2; You hear a shout!
Robin roars a battlecry!
The goblins go into a battle-frenzy!
A goblin comes into view. It is wielding a +0 dagger.
A goblin comes into view. It is wielding a +0 club. x2
The goblin shouts!
You hear a shout! 2 goblins come into view.
The goblin shouts! x2; You hear a shout!
The sting hits the goblin.
The goblin is poisoned.
The goblin is severely wounded.
You now have 5/6 mp.
The sting hits the goblin.
The goblin looks even sicker.
You kill the goblin!
You now have 4/6 mp.
You miscast Sting.
You are very lightly contaminated with residual magic.
Nothing appears to happen.
Robin throws the goblin at you!
A goblin comes into view. It is wielding a +0 club.
A hobgoblin comes into view.
The goblin hits you with a +0 club.
You take 5 damage, and have 10/15 hp.
MASSIVE DAMAGE!!
You now have 2/6 mp.
The sting hits the goblin.
The goblin is poisoned.
You kill the goblin!
Robin throws the goblin at you! The goblin hits you with a +0 club.
* * * LOW HITPOINT WARNING * * *
You take 8 damage, and have 2/15 hp.
MASSIVE DAMAGE!!
You now have 1/6 mp.
The goblin hits you with a +0 club.
* * * LOW HITPOINT WARNING * * *
You see here a +0 club.
You take 1 damage, and have 1/15 hp.
You now have 0/6 mp.
There is a stone staircase leading up here.
Robin's bangles clink loudly.
You see here a hobgoblin corpse.
Your magical contamination has completely faded away.
The goblin hits you with a +0 club.
You die...

### ..# #.### #.#.. # #.#.# #.
#.#.# #
.<###..##..#.#.########.###
...........@.............
...........g.......##.# ## #
....##......g........# . .
...........#.g.....# # .# ..
#.###..#...#.......#
##.##..##.###.....†#...<...#
.......##............##g)#####...
.......##..##....#.#.##...).gggg.
##.....##..##..#.#...##.######gg.


You could see Robin and 3 goblins.

Vanquished Creatures
  An endoplasm (D:1)
  3 goblins
  A hobgoblin (D:2)
  3 kobolds
  2 ball pythons (D:1)
  2 frilled lizards (D:2)
  A rat (D:2)
13 creatures vanquished.

Notes
Turn   | Place    | Note
-------+----------+-------------------------------------------
     0 | D:1      | gimp the Vine Stalker Venom Mage began the quest for the
                  | Orb.
     0 | D:1      | Reached XP level 1. HP: 9/9 MP: 4/4
   480 | D:1      | Reached skill level 1 in Fighting
   737 | D:1      | Reached XP level 2. HP: 12/14 MP: 1/6
  1309 | D:2      | Noticed Robin
  1323 | D:2      | Slain by a goblin

Illustrated notes

Levels and vault maps discovered:
D:1:      dpeg_arrival_prison, layout_basic
D:2:      layout_basic, basic_altar, uniq_robin

Skill      XL: |  1 |
---------------+----+-----
Fighting       | 1 |  1.8
Dodging        | |  1.5
Stealth        | |  2.4
Spellcasting   | |  2.1
Transmutations | |  1.0
Poison Magic   | |  3.0

Action                   || total
-------------------------++-------
Melee: Dagger            ||     3
       Unarmed           ||     1
       Bite              ||     1
 Cast: Sting             ||    22
Armor: Robe              ||     2
Dodge: Dodged            ||     4
